 Dungeon Crawl Stone Soup version 0.16-a0-3972-g91ea21f (webtiles) character file.

47 MDvedh the Poker (level 3, 0/29 HPs)
             Began as a Merfolk Abyssal Knight on Feb 11, 2015.
             Was a Believer of Lugonu.
             Slain by Robin
             ... wielding a +0 spear
              (5 damage)
             ... on level 2 of the Dungeon.
             The game lasted 00:02:02 (880 turns).

MDvedh the Poker (Merfolk Abyssal Knight)            Turns: 880, Time: 00:02:02

Health: 0/29       AC:  4    Str: 12    XL:     3   Next: 70%
Magic:  3/3        EV: 12    Int: 11    God:    Lugonu [**....]
Gold:   60         SH:  0    Dex: 14    Spells: 0 memorised, 2 levels left

rFire  . . .     SeeInvis .     a - +1 spear
rCold  . . .     Clarity  .     b - +0 leather armour
rNeg   . . .     SustAb   .     (no shield)
rPois  .         Gourm    .     (no helmet)
rElec  .         Spirit   .     (no cloak)
rCorr  .         Warding  .     r - +0 pair of gloves (curse)
rMut   .         Stasis   .     (no boots)
MR     .....                    (no amulet)
Stlth  +.........               (no ring)
                                (no ring)

@: not resistant to hostile enchantments, very unstealthy
A: change form in water, swift swim
a: Depart the Abyss, Bend Space, Renounce Religion


You were on level 2 of the Dungeon.
You worshipped Lugonu.
Lugonu was pleased with you.
You were not hungry.

You visited 1 branch of the dungeon, and saw 2 of its levels.
You visited the Abyss 1 time.

You collected 60 gold pieces.

Inventory:

Hand weapons
 a - a +1 spear (weapon)
Armour
 b - a +0 leather armour (worn)
 r - a cursed +0 pair of gloves (worn)
Scrolls
 e - a scroll of fog {unknown}
 h - 2 scrolls of enchant weapon {unknown}
 k - 2 scrolls of identify {unknown}
 m - a scroll of blinking {unknown}
 o - a scroll of amnesia {unknown}
 q - a scroll of remove curse {unknown}
Potions
 d - 2 potions of flight {unknown}
 g - a potion of heal wounds {unknown}
 i - a potion of ambrosia {unknown}
 j - a potion of curing {unknown}
 l - a potion of lignification {unknown}
 n - a potion of agility {unknown}
 p - a potion of haste {unknown}
Comestibles
 c - 2 bread rations
 f - a beef jerky
 s - a meat ration


   Skills:
 - Level 3.2 Fighting
 + Level 5.7 Polearms
 - Level 0.6 Armour
 - Level 2.6 Dodging
 - Level 2.0 Invocations


You had 2 spell levels left.
You didn't know any spells.

Dungeon Overview and Level Annotations

Branches:
Dungeon (2/15)

Altars:

Annotations:
D:2 Robin


Message History

The goblin is moderately wounded.
The goblin hits you but does no damage. Robin hits you from afar with a spear.
The goblin hits you.
* * * LOW HITPOINT WARNING * * *
You hit the goblin.
You kill the goblin!
Lugonu accepts your kill.
Unknown command.
Robin's horned helmet rattles.
The goblin hits you with a club.
* * * LOW HITPOINT WARNING * * *
Things that are here:
an uncursed hunting sling; 15 stones; a goblin corpse Unknown command.
Drink which item? (? for menu, Esc to quit)
Okay, then.
You hit the goblin.
The goblin is severely wounded.
Robin hits you from afar with a spear.
You die...

#.##..#..#.## #
...######.......###.###
.........####)####...#.
...#####.....(.........
#..###..###..... .
#....#..##...... ...# ...
#..#.<(.##...... ...#
#...#####(.#..#.##......
...#
#...ggg@..(#..#.........
...#
#?....#####...........###
.#.# #(... ###.........#
.#.# #... ##........#
.#.# #.. #.........#
...######. ###........###
........#######
...#..........
#.##...........#
#.##.#.......#.#
#.##.##.#####.#
#...#..#....##.


You could see Robin, a hobgoblin (frenzied) and a goblin (frenzied).

Vanquished Creatures
  Jessica (D:2)
  A ball python (D:2)
  3 hobgoblins (D:2)
  4 kobolds
  6 bats
  2 giant cockroaches
  10 goblins
  2 rats
29 creatures vanquished.

Notes
Turn   | Place    | Note
--------------------------------------------------------------
     0 | Abyss:1  | MDvedh, the Merfolk Abyssal Knight, began the quest for the Orb.
     0 | Abyss:1  | Reached XP level 1. HP: 18/18 MP: 1/1
   108 | Abyss:1  | Noticed a small abomination
   108 | D:1      | Escaped the Abyss
   144 | D:1      | Acquired Lugonu's first power
   431 | D:1      | Reached skill level 4 in Polearms
   431 | D:1      | Reached XP level 2. HP: 24/24 MP: 2/2
   719 | D:2      | Noticed Jessica
   727 | D:2      | Killed Jessica
   727 | D:2      | Reached skill level 5 in Polearms
   727 | D:2      | Reached XP level 3. HP: 25/29 MP: 3/3
   852 | D:2      | Noticed Robin
   859 | D:2      | Acquired Lugonu's second power
   880 | D:2      | Slain by Robin

Action                   || total
-------------------------++-------
Melee: Spear             ||    97
Invok: Depart the Abyss  ||     1
